2151 views
Uploaded 2022-10-05 01:23:56
Game version 1.33
23:46 long 3on3 ladder game on (6)GnollWood
Saved by GIGA
2151 views
Uploaded 2022-10-05 01:23:56
Game version 1.33
23:46 long 3on3 ladder game on (6)GnollWood


87 units @ 8.2k
/ 1k
127 buildings @ 8.1k
/ 4.1k


| Peasant | 19 | 1425 | / | 0 |
| Mortar Team | 3 | 540 | / | 210 |
| Flying Machine | 18 | 1800 | / | 540 |
| total: | 40 | 3765g | / | 750w |
| Scout Tower | 27 | 810 | / | 540 |
| Arcane Tower | 1 | 70 | / | 50 |
| Guard Tower | 12 | 840 | / | 600 |
| Altar of Kings | 1 | 180 | / | 50 |
| Lumber Mill | 1 | 120 | / | 0 |
| Farm | 14 | 1120 | / | 280 |
| Town Hall | 1 | 385 | / | 205 |
| Blacksmith | 1 | 140 | / | 60 |
| Workshop | 3 | 420 | / | 420 |
| Keep | 1 | 320 | / | 210 |
| Castle | 1 | 360 | / | 210 |
| total: | 48 | 3175g | / | 1555w |
| 0:02 | Peasant |
| 0:12 | Peasant |
| 0:18 | Altar of Kings |
| 0:20 | Lumber Mill |
| 0:21 | Peasant |
| 0:27 | Farm |
| 0:33 | Farm |
| 0:34 | Peasant |
| 0:47 | Peasant |
| 1:02 | Peasant |
| 1:10 | Peasant |
| 1:22 | Improved Lumber Harvesting |
| 1:23 | Peasant |
| 1:27 | Scout Tower |
| 1:33 | Peasant |
| 1:41 | Scout Tower |
| 1:44 | Peasant |
| 2:00 | Peasant |
| 2:09 | Arcane Tower |
| 2:16 | Storm Bolt |
| 2:20 | Peasant |
| 2:24 | Scout Tower |
| 2:25 | Scout Tower |
| 2:33 | Peasant |
| 2:43 | Peasant |
| 2:45 | Improved Masonry |
| 2:56 | Guard Tower |
| 2:58 | Scout Tower |
| 3:19 | Town Hall |
| 3:23 | Guard Tower |
| 3:24 | Scout Tower |
| 3:26 | Scout Tower |
| 3:39 | Scout Tower |
| 3:41 | Scout Tower |
| 3:41 | Scout Tower |
| 3:54 | Guard Tower |
| 3:55 | Guard Tower |
| 3:57 | Scout Tower |
| 3:58 | Scout Tower |
| 3:59 | Scout Tower |
| 4:11 | Guard Tower |
| 4:33 | Guard Tower |
| 4:43 | Guard Tower |
| 5:11 | Keep |
| 5:12 | Peasant |
| 5:12 | Peasant |
| 5:12 | Peasant |
| 5:18 | Guard Tower |
| 5:38 | Blacksmith |
| 5:46 | Peasant |
| 6:12 | Peasant |
| 6:24 | Bash |
| 6:38 | Bash |
| 7:05 | Scout Tower |
| 7:06 | Scout Tower |
| 7:07 | Scout Tower |
| 7:08 | Scout Tower |
| 7:09 | Scout Tower |
| 7:18 | Black Gunpowder |
| 7:31 | Castle |
| 7:39 | Advanced Lumber Harvesting |
| 7:50 | Workshop |
| 8:03 | Advanced Masonry |
| 8:33 | Refined Gunpowder |
| 8:36 | Workshop |
| 8:38 | Workshop |
| 8:46 | Scout Tower |
| 8:48 | Scout Tower |
| 8:50 | Scout Tower |
| 8:57 | Guard Tower |
| 9:01 | Holy Light |
| 9:30 | Guard Tower |
| 9:33 | Flak Cannons |
| 9:56 | Flying Machine Bombs |
| 9:56 | Fragmentation Shards |
| 9:58 | Flare |
| 10:05 | Guard Tower |
| 10:11 | Imbued Masonry |
| 10:22 | Imbued Gunpowder |
| 10:25 | Mortar Team |
| 10:31 | Farm |
| 10:31 | Farm |
| 10:32 | Farm |
| 11:23 | Farm |
| 11:24 | Farm |
| 11:25 | Farm |
| 11:28 | Mortar Team |
| 11:50 | Iron Plating |
| 11:56 | Farm |
| 11:57 | Farm |
| 12:01 | Farm |
| 12:29 | Flying Machine |
| 12:31 | Flying Machine |
| 12:56 | Flying Machine |
| 12:56 | Flying Machine |
| 12:56 | Flying Machine |
| 12:57 | Flying Machine |
| 13:15 | Holy Light |
| 13:42 | Mortar Team |
| 14:02 | Steel Plating |
| 14:11 | Divine Shield |
| 14:16 | Farm |
| 14:17 | Farm |
| 14:18 | Farm |
| 14:29 | Flying Machine |
| 14:29 | Flying Machine |
| 14:29 | Flying Machine |
| 14:30 | Flying Machine |
| 14:30 | Flying Machine |
| 14:31 | Flying Machine |
| 14:31 | Flying Machine |
| 15:30 | Flying Machine |
| 15:39 | Mithril Plating |
| 16:02 | Flying Machine |
| 17:30 | Storm Bolt |
| 17:31 | Storm Bolt |
| 21:35 | Flying Machine |
| 21:47 | Flying Machine |
| 21:48 | Flying Machine |
| 22:31 | Scout Tower |
| 22:32 | Scout Tower |
| 22:33 | Scout Tower |
| 22:33 | Scout Tower |
| 22:34 | Scout Tower |
| 22:35 | Scout Tower |
| 23:23 | Guard Tower |
| 23:41 | Holy Light |
| Right click | 861 |
| Select group | 432 |
| Select | 252 |
| Build/train/purchase | 91 |
| Misc. action | 79 |
| Use ability | 46 |
| Resource trade | 10 |
| Assign group | 8 |
| Esc | 7 |
| Minimap ping | 3 |


| Peasant | 14 | 1050 | / | 0 |
| Dragonhawk Rider | 5 | 1000 | / | 150 |
| total: | 19 | 2050g | / | 150w |
| Scout Tower | 56 | 1680 | / | 1120 |
| Arcane Tower | 6 | 420 | / | 300 |
| Guard Tower | 18 | 1260 | / | 900 |
| Altar of Kings | 1 | 180 | / | 50 |
| Farm | 5 | 400 | / | 100 |
| Lumber Mill | 2 | 240 | / | 0 |
| Arcane Vault | 1 | 130 | / | 30 |
| Gryphon Aviary | 1 | 140 | / | 150 |
| Arcane Sanctum | 1 | 150 | / | 140 |
| Keep | 1 | 320 | / | 210 |
| Castle | 1 | 360 | / | 210 |
| total: | 67 | 2920g | / | 1590w |
| 0:03 | Peasant |
| 0:03 | Peasant |
| 0:10 | Altar of Kings |
| 0:13 | Farm |
| 0:14 | Farm |
| 0:26 | Scout Tower |
| 0:27 | Peasant |
| 0:38 | Peasant |
| 0:52 | Lumber Mill |
| 1:02 | Peasant |
| 1:14 | Peasant |
| 1:15 | Peasant |
| 1:31 | Farm |
| 1:33 | Peasant |
| 1:33 | Peasant |
| 1:40 | Arcane Tower |
| 1:50 | Peasant |
| 1:53 | Improved Lumber Harvesting |
| 2:12 | Peasant |
| 2:12 | Peasant |
| 2:23 | Storm Bolt |
| 2:56 | Scout Tower |
| 2:57 | Scout Tower |
| 2:58 | Scout Tower |
| 2:59 | Scout Tower |
| 3:00 | Scout Tower |
| 3:01 | Scout Tower |
| 3:01 | Scout Tower |
| 3:02 | Scout Tower |
| 3:04 | Peasant |
| 3:04 | Peasant |
| 3:06 | Improved Masonry |
| 3:26 | Scout Tower |
| 3:28 | Scout Tower |
| 3:34 | Scout Tower |
| 3:45 | Guard Tower |
| 3:50 | Scout Tower |
| 3:51 | Scout Tower |
| 3:52 | Scout Tower |
| 3:52 | Scout Tower |
| 4:02 | Guard Tower |
| 4:22 | Scout Tower |
| 4:23 | Scout Tower |
| 4:25 | Guard Tower |
| 4:28 | Scout Tower |
| 4:29 | Scout Tower |
| 4:30 | Scout Tower |
| 4:55 | Keep |
| 4:59 | Guard Tower |
| 5:03 | Guard Tower |
| 5:08 | Arcane Tower |
| 5:15 | Scout Tower |
| 5:22 | Lumber Mill |
| 5:29 | Scout Tower |
| 5:33 | Arcane Tower |
| 5:36 | Guard Tower |
| 5:43 | Arcane Tower |
| 5:53 | Scout Tower |
| 6:05 | Arcane Tower |
| 6:13 | Scout Tower |
| 6:14 | Scout Tower |
| 6:15 | Scout Tower |
| 6:15 | Scout Tower |
| 6:17 | Guard Tower |
| 6:25 | Scout Tower |
| 6:27 | Scout Tower |
| 6:44 | Guard Tower |
| 6:53 | Arcane Tower |
| 7:17 | Advanced Masonry |
| 7:25 | Scout Tower |
| 7:26 | Scout Tower |
| 7:27 | Scout Tower |
| 7:30 | Scout Tower |
| 7:33 | Scout Tower |
| 7:34 | Scout Tower |
| 7:35 | Scout Tower |
| 7:49 | Castle |
| 7:57 | Gryphon Aviary |
| 8:06 | Guard Tower |
| 8:35 | Guard Tower |
| 8:40 | Scout Tower |
| 8:45 | Scout Tower |
| 9:16 | Scout Tower |
| 9:17 | Scout Tower |
| 9:18 | Scout Tower |
| 9:19 | Scout Tower |
| 9:21 | Guard Tower |
| 9:37 | Guard Tower |
| 9:59 | Arcane Vault |
| 10:22 | Cloud |
| 10:31 | Farm |
| 10:33 | Farm |
| 10:43 | Imbued Masonry |
| 10:56 | Guard Tower |
| 10:59 | Scout Tower |
| 11:01 | Scout Tower |
| 11:02 | Scout Tower |
| 11:07 | Scout Tower |
| 11:07 | Scout Tower |
| 11:08 | Scout Tower |
| 11:21 | Dragonhawk Rider |
| 11:21 | Dragonhawk Rider |
| 11:45 | Guard Tower |
| 12:15 | Guard Tower |
| 12:20 | Arcane Sanctum |
| 12:58 | Dragonhawk Rider |
| 12:58 | Dragonhawk Rider |
| 14:17 | Magic Sentry |
| 14:17 | Sorceress Adept Training |
| 14:22 | Guard Tower |
| 14:54 | Dragonhawk Rider |
| 15:09 | Scout Tower |
| 15:10 | Scout Tower |
| 15:11 | Scout Tower |
| 15:12 | Scout Tower |
| 15:27 | Guard Tower |
| 16:24 | Guard Tower |
| 16:32 | Scout Tower |
| 16:33 | Scout Tower |
| 16:33 | Scout Tower |
| 17:41 | Divine Shield |
| Right click | 1222 |
| Select group | 1104 |
| Select | 325 |
| Build/train/purchase | 63 |
| Assign group | 22 |
| Use ability | 16 |
| Resource trade | 16 |
| Misc. action | 2 |
| Minimap ping | 2 |
| Esc | 1 |
Cabeelibob
(194)
(23:46) : 
| Lesser Clarity Potion | 1 | 70 |
| Healing Salve | 2 | 200 |
| Tiny Great Hall | 2 | 1200 |
| Orb of Lightning | 1 | 375 |
| Staff of Teleportation | 1 | 150 |
| Boots of Speed | 1 | 250 |
| total: | 8 | 2245g |
| Peon | 24 | 1800 | / | 0 |
| Troll Witch Doctor | 4 | 580 | / | 100 |
| total: | 28 | 2380g | / | 100w |
| Watch Tower | 3 | 330 | / | 240 |
| Altar of Storms | 1 | 180 | / | 50 |
| Orc Burrow | 2 | 320 | / | 80 |
| War Mill | 1 | 205 | / | 0 |
| Voodoo Lounge | 2 | 260 | / | 60 |
| Great Hall | 1 | 385 | / | 185 |
| Spirit Lodge | 2 | 300 | / | 300 |
| Stronghold | 1 | 315 | / | 190 |
| Fortress | 1 | 325 | / | 190 |
| total: | 12 | 1980g | / | 915w |
| 0:06 | Altar of Storms |
| 0:08 | Orc Burrow |
| 0:09 | Peon |
| 0:09 | Peon |
| 0:23 | Peon |
| 0:53 | Peon |
| 0:57 | War Mill |
| 0:59 | Peon |
| 1:19 | Voodoo Lounge |
| 1:23 | Peon |
| 1:47 | Orc Burrow |
| 1:50 | Peon |
| 2:09 | Peon |
| 2:13 | Wind Walk |
| 2:23 | Peon |
| 2:49 | Peon |
| 2:49 | Peon |
| 2:53 | Watch Tower |
| 3:40 | Staff of Teleportation |
| 3:41 | Boots of Speed |
| 4:12 | Watch Tower |
| 4:17 | Watch Tower |
| 4:38 | Lesser Clarity Potion |
| 5:00 | Great Hall |
| 6:04 | Critical Strike |
| 6:20 | Peon |
| 6:21 | Peon |
| 6:32 | Healing Salve |
| 6:52 | Voodoo Lounge |
| 8:52 | Stronghold |
| 9:47 | Peon |
| 11:28 | Fortress |
| 12:32 | Spirit Lodge |
| 13:56 | Wind Walk |
| 14:09 | Spirit Lodge |
| 15:02 | Peon |
| 15:06 | Tiny Great Hall |
| 15:12 | Orb of Lightning |
| 16:48 | Witch Doctor Adept Training |
| 17:23 | Critical Strike |
| 17:34 | Peon |
| 17:34 | Peon |
| 17:34 | Peon |
| 17:34 | Peon |
| 18:33 | Witch Doctor Master Training |
| 18:42 | Healing Salve |
| 20:31 | Tiny Great Hall |
| 21:21 | Peon |
| 21:22 | Peon |
| 21:22 | Peon |
| 21:22 | Peon |
| 21:22 | Peon |
| 21:56 | Troll Witch Doctor |
| 21:56 | Troll Witch Doctor |
| 21:56 | Troll Witch Doctor |
| 21:56 | Troll Witch Doctor |
| 22:20 | Critical Strike |
| Right click | 825 |
| Select group | 94 |
| Misc. action | 91 |
| Build/train/purchase | 88 |
| Select | 88 |
| Resource trade | 45 |
| Use ability | 13 |
| Item give/drop | 4 |
| Remove unit | 4 |
| Assign group | 3 |
| Minimap ping | 3 |
138 units @ 17.8k
/ 2.3k
66 buildings @ 10k
/ 3.9k



| Rod of Necromancy | 2 | 300 |
| Orb of Corruption | 1 | 375 |
| Dust of Appearance | 2 | 150 |
| Scroll of Town Portal | 1 | 350 |
| Potion of Lesser Invulnerability | 1 | 150 |
| total: | 7 | 1325g |
| Acolyte | 8 | 600 | / | 0 |
| Ghoul | 4 | 480 | / | 0 |
| Crypt Fiend | 8 | 1720 | / | 320 |
| Obsidian Statue | 2 | 400 | / | 70 |
| Abomination | 2 | 480 | / | 140 |
| Gargoyle | 10 | 1750 | / | 300 |
| total: | 34 | 5430g | / | 830w |
| Nerubian Tower | 2 | 200 | / | 40 |
| Spirit Tower | 6 | 870 | / | 240 |
| Crypt | 2 | 400 | / | 100 |
| Altar of Darkness | 1 | 180 | / | 50 |
| Ziggurat | 10 | 1500 | / | 500 |
| Tomb of Relics | 1 | 130 | / | 30 |
| Graveyard | 1 | 215 | / | 0 |
| Necropolis | 2 | 450 | / | 0 |
| Slaughterhouse | 1 | 140 | / | 135 |
| Halls of the Dead | 1 | 320 | / | 210 |
| Black Citadel | 1 | 325 | / | 230 |
| total: | 18 | 3015g | / | 815w |
| 0:03 | Acolyte |
| 0:21 | Crypt |
| 0:26 | Altar of Darkness |
| 0:27 | Ziggurat |
| 0:32 | Acolyte |
| 0:47 | Acolyte |
| 1:07 | Tomb of Relics |
| 1:19 | Graveyard |
| 1:30 | Ghoul |
| 1:52 | Ghoul |
| 2:07 | Ziggurat |
| 2:28 | Death Coil |
| 2:31 | Rod of Necromancy |
| 2:41 | Crypt Fiend |
| 3:05 | Halls of the Dead |
| 3:33 | Crypt Fiend |
| 3:37 | Nerubian Tower |
| 4:00 | Crypt Fiend |
| 4:18 | Dust of Appearance |
| 4:20 | Rod of Necromancy |
| 4:54 | Ziggurat |
| 5:03 | Unholy Aura |
| 5:34 | Slaughterhouse |
| 6:00 | Crypt Fiend |
| 6:28 | Frost Nova |
| 6:37 | Black Citadel |
| 7:00 | Obsidian Statue |
| 7:02 | Burrow |
| 7:22 | Obsidian Statue |
| 7:25 | Ziggurat |
| 7:58 | Web |
| 8:40 | Crypt Fiend |
| 8:58 | Death Coil |
| 9:10 | Crypt Fiend |
| 9:15 | Potion of Lesser Invulnerability |
| 9:58 | Black Arrow |
| 11:16 | Orb of Corruption |
| 11:17 | Dust of Appearance |
| 11:28 | Ziggurat |
| 11:45 | Creature Attack |
| 11:56 | Spirit Tower |
| 11:58 | Creature Carapace |
| 12:32 | Acolyte |
| 12:34 | Abomination |
| 12:48 | Crypt Fiend |
| 13:27 | Necropolis |
| 15:02 | Ziggurat |
| 15:03 | Acolyte |
| 15:07 | Abomination |
| 15:08 | Crypt Fiend |
| 15:17 | Ziggurat |
| 15:20 | Acolyte |
| 15:21 | Acolyte |
| 15:21 | Acolyte |
| 15:51 | Disease Cloud |
| 16:09 | Nerubian Tower |
| 16:10 | Spirit Tower |
| 16:14 | Ziggurat |
| 16:27 | Improved Creature Attack |
| 17:38 | Ghoul |
| 17:39 | Crypt |
| 17:55 | Spirit Tower |
| 17:56 | Spirit Tower |
| 18:20 | Ghoul |
| 18:22 | Gargoyle |
| 18:35 | Necropolis |
| 18:37 | Ziggurat |
| 18:38 | Ziggurat |
| 19:02 | Gargoyle |
| 19:28 | Spirit Tower |
| 19:32 | Scroll of Town Portal |
| 19:58 | Gargoyle |
| 19:59 | Gargoyle |
| 20:18 | Spirit Tower |
| 21:13 | Gargoyle |
| 21:13 | Gargoyle |
| 21:59 | Gargoyle |
| 21:59 | Gargoyle |
| 22:55 | Frost Armor |
| 23:00 | Gargoyle |
| 23:20 | Gargoyle |
| Right click | 1220 |
| Select group | 1003 |
| Select | 442 |
| Build/train/purchase | 86 |
| Misc. action | 77 |
| Assign group | 67 |
| Use ability | 24 |
| Minimap ping | 15 |
| Esc | 2 |
| Item give/drop | 1 |


| Scroll of Regeneration | 1 | 100 |
| Dust of Appearance | 1 | 75 |
| Staff of Teleportation | 1 | 150 |
| total: | 3 | 325g |
| Peasant | 12 | 900 | / | 0 |
| Footman | 6 | 810 | / | 0 |
| Rifleman | 7 | 1435 | / | 210 |
| Priest | 5 | 675 | / | 50 |
| Mortar Team | 10 | 1800 | / | 700 |
| total: | 40 | 5620g | / | 960w |
| Scout Tower | 3 | 90 | / | 60 |
| Arcane Tower | 3 | 210 | / | 150 |
| Guard Tower | 1 | 70 | / | 50 |
| Altar of Kings | 1 | 180 | / | 50 |
| Farm | 13 | 1040 | / | 260 |
| Barracks | 1 | 160 | / | 60 |
| Lumber Mill | 1 | 120 | / | 0 |
| Arcane Vault | 1 | 130 | / | 30 |
| Blacksmith | 1 | 140 | / | 60 |
| Town Hall | 1 | 385 | / | 205 |
| Arcane Sanctum | 1 | 150 | / | 140 |
| Workshop | 1 | 140 | / | 140 |
| Keep | 1 | 320 | / | 210 |
| total: | 24 | 2535g | / | 1005w |
| 0:07 | Peasant |
| 0:12 | Altar of Kings |
| 0:20 | Peasant |
| 0:24 | Farm |
| 0:30 | Peasant |
| 0:42 | Barracks |
| 0:49 | Peasant |
| 0:51 | Peasant |
| 1:03 | Farm |
| 1:14 | Peasant |
| 1:23 | Peasant |
| 1:34 | Scout Tower |
| 1:44 | Farm |
| 1:45 | Footman |
| 1:50 | Peasant |
| 2:07 | Footman |
| 2:09 | Arcane Tower |
| 2:15 | Summon Water Elemental |
| 2:16 | Peasant |
| 2:25 | Footman |
| 2:40 | Farm |
| 3:13 | Peasant |
| 3:13 | Peasant |
| 3:20 | Footman |
| 3:22 | Peasant |
| 3:25 | Lumber Mill |
| 3:27 | Farm |
| 3:52 | Brilliance Aura |
| 4:12 | Scout Tower |
| 4:14 | Scout Tower |
| 4:17 | Arcane Vault |
| 4:30 | Keep |
| 4:32 | Farm |
| 4:44 | Footman |
| 5:22 | Arcane Tower |
| 5:23 | Guard Tower |
| 5:45 | Blacksmith |
| 5:48 | Farm |
| 5:50 | Farm |
| 5:52 | Farm |
| 6:20 | Staff of Teleportation |
| 6:30 | Footman |
| 6:40 | Farm |
| 6:46 | Scroll of Regeneration |
| 7:00 | Rifleman |
| 7:21 | Arcane Sanctum |
| 7:25 | Workshop |
| 9:11 | Priest |
| 9:12 | Rifleman |
| 9:22 | Mortar Team |
| 9:24 | Priest |
| 9:26 | Rifleman |
| 9:27 | Long Rifles |
| 9:45 | Mortar Team |
| 9:50 | Farm |
| 10:17 | Mortar Team |
| 11:05 | Mortar Team |
| 11:06 | Rifleman |
| 11:12 | Summon Water Elemental |
| 11:15 | Storm Bolt |
| 11:37 | Mortar Team |
| 12:15 | Mortar Team |
| 12:18 | Farm |
| 12:19 | Black Gunpowder |
| 13:00 | Farm |
| 13:50 | Mortar Team |
| 13:51 | Rifleman |
| 14:27 | Town Hall |
| 15:00 | Dust of Appearance |
| 16:02 | Mortar Team |
| 16:04 | Priest |
| 16:04 | Priest |
| 16:05 | Rifleman |
| 17:39 | Mortar Team |
| 17:41 | Rifleman |
| 17:42 | Priest |
| 18:07 | Mortar Team |
| 19:49 | Thunder Clap |
| Right click | 1826 |
| Select group | 1772 |
| Select | 418 |
| Misc. action | 96 |
| Build/train/purchase | 94 |
| Assign group | 69 |
| Minimap ping | 13 |
| Use ability | 10 |
| Item give/drop | 2 |
| Esc | 1 |



| Dust of Appearance | 1 | 75 |
| Scroll of Town Portal | 2 | 700 |
| Boots of Speed | 1 | 250 |
| Potion of Lesser Invulnerability | 1 | 150 |
| total: | 5 | 1175g |
| Wisp | 34 | 2040 | / | 0 |
| Archer | 20 | 2600 | / | 200 |
| Hippogryph | 7 | 1120 | / | 140 |
| Chimaera | 3 | 990 | / | 210 |
| total: | 64 | 6750g | / | 550w |
| Ancient Protector | 3 | 405 | / | 240 |
| Altar of Elders | 1 | 180 | / | 50 |
| Moon Well | 9 | 1620 | / | 360 |
| Ancient of War | 4 | 600 | / | 240 |
| Hunter's Hall | 1 | 210 | / | 100 |
| Tree of Life | 3 | 1020 | / | 555 |
| Ancient of Wind | 1 | 150 | / | 140 |
| Chimaera Roost | 2 | 280 | / | 380 |
| Tree of Ages | 1 | 320 | / | 180 |
| Tree of Eternity | 1 | 330 | / | 200 |
| total: | 24 | 4465g | / | 2065w |
| 0:01 | Wisp |
| 0:01 | Wisp |
| 0:05 | Wisp |
| 0:21 | Wisp |
| 0:31 | Altar of Elders |
| 0:32 | Wisp |
| 0:38 | Moon Well |
| 0:40 | Moon Well |
| 0:41 | Wisp |
| 0:44 | Wisp |
| 0:57 | Wisp |
| 1:24 | Ancient of War |
| 1:25 | Wisp |
| 1:33 | Wisp |
| 1:37 | Moon Well |
| 1:56 | Hunter's Hall |
| 1:59 | Wisp |
| 2:05 | Wisp |
| 2:24 | Wisp |
| 2:29 | Entangling Roots |
| 2:36 | Archer |
| 2:43 | Wisp |
| 2:48 | Archer |
| 3:19 | Tree of Ages |
| 3:52 | Tree of Life |
| 4:10 | Ancient Protector |
| 4:18 | Moon Well |
| 4:25 | Archer |
| 4:35 | Archer |
| 5:23 | Archer |
| 5:26 | Thorns Aura |
| 5:41 | Ancient of Wind |
| 5:48 | Archer |
| 5:48 | Improved Bows |
| 5:51 | Strength of the Moon |
| 6:17 | Strength of the Wild |
| 6:17 | Wisp |
| 6:18 | Wisp |
| 6:21 | Moon Well |
| 6:28 | Wisp |
| 6:29 | Wisp |
| 6:29 | Wisp |
| 6:29 | Wisp |
| 6:32 | Wisp |
| 6:43 | Hippogryph |
| 7:02 | Hippogryph |
| 7:12 | Boots of Speed |
| 7:25 | Hippogryph |
| 7:29 | Moon Armor |
| 7:35 | Dust of Appearance |
| 8:00 | Tree of Eternity |
| 8:31 | Hippogryph |
| 8:35 | Wisp |
| 9:22 | Hippogryph |
| 9:27 | Hippogryph |
| 9:28 | Ultravision |
| 10:14 | Archer |
| 10:27 | Archer |
| 10:45 | Entangling Roots |
| 10:53 | Chimaera Roost |
| 10:55 | Chimaera Roost |
| 11:08 | Scroll of Town Portal |
| 11:08 | Potion of Lesser Invulnerability |
| 11:14 | Hippogryph |
| 11:17 | Archer |
| 11:17 | Marksmanship |
| 11:21 | Moon Well |
| 11:23 | Moon Well |
| 11:24 | Trueshot Aura |
| 11:32 | Well Spring |
| 12:23 | Chimaera |
| 12:24 | Corrosive Breath |
| 13:34 | Chimaera |
| 13:37 | Ancient of War |
| 13:38 | Ancient of War |
| 13:54 | Ancient of War |
| 13:57 | Improved Strength of the Moon |
| 14:31 | Improved Strength of the Wild |
| 14:43 | Chimaera |
| 14:46 | Moon Well |
| 14:54 | Archer |
| 15:23 | Archer |
| 15:24 | Archer |
| 15:32 | Archer |
| 15:43 | Moon Well |
| 16:31 | Tree of Life |
| 16:39 | Archer |
| 17:18 | Reinforced Hides |
| 17:22 | Archer |
| 18:25 | Ancient Protector |
| 18:28 | Ancient Protector |
| 19:02 | Wisp |
| 19:02 | Wisp |
| 19:03 | Wisp |
| 19:03 | Wisp |
| 19:03 | Wisp |
| 19:03 | Wisp |
| 19:04 | Wisp |
| 19:05 | Wisp |
| 19:05 | Wisp |
| 19:19 | Scroll of Town Portal |
| 19:39 | Archer |
| 19:40 | Archer |
| 19:41 | Archer |
| 19:58 | Breath of Fire |
| 20:18 | Wisp |
| 20:18 | Wisp |
| 20:30 | Wisp |
| 21:07 | Archer |
| 21:27 | Archer |
| 21:53 | Tree of Life |
| Right click | 1105 |
| Select | 780 |
| Select group | 682 |
| Misc. action | 396 |
| Build/train/purchase | 113 |
| Assign group | 55 |
| Use ability | 34 |
| Esc | 5 |
| Minimap ping | 4 |
| Item give/drop | 2 |
⇛